 Dungeon Crawl Stone Soup version 0.18-a0-1390-gc02854d (webtiles) character file.

665 WhatsThis the Skirmisher (level 7, -18/60 (61) HPs)
             Began as a Ghoul Monk on Feb 21, 2016.
             Was a Priest of Yredelemnul.
             Killed from afar by a giant frog (29 damage)
             ... with an exploding inner flame
             ... hexed by the player character
             ... in a sewer on Feb 22, 2016.
             The game lasted 01:13:51 (6026 turns).

WhatsThis the Skirmisher (Ghoul Monk)               Turns: 6026, Time: 01:13:55

HP:   -18/60 (61)   AC:  4    Str: 21    XL:     7   Next: 57%
MP:   6/6           EV: 14    Int:  5    God:    Yredelemnul [***...]
Gold: 236           SH:  0    Dex: 12    Spells: 0 memorised, 6 levels left

rFire  . . .     SeeInvis .     i - +7 spear
rCold  + . .     Gourm    .     a - +0 robe
rNeg   + + +     Faith    .     (no shield)
rPois  ∞         Spirit   .     (no helmet)
rElec  .         Dismiss  .     w - +1 cloak
rCorr  .         Reflect  .     (no gloves)
SustAt .         Harm     .     (no boots)
MR     .....                    (no amulet)
Stlth  +.........               (no ring)
                                (no ring)

@: mighty, rotting, not resistant to hostile enchantments, very unstealthy
A: rotting body, claws 1, carnivore 3, cold resistance 1, negative energy
resistance 3, slow regeneration 1, torment resistance, unbreathing
a: Recall Undead Slaves, Injury Mirror, Animate Dead, Renounce Religion


You were in a sewer.
You worshipped Yredelemnul.
Yredelemnul was most pleased with you.
You were not hungry.

You visited 2 branches of the dungeon, and saw 6 of its levels.
You also visited: Sewer.

You collected 236 gold pieces.

Inventory:

Hand Weapons
 c - a +0 mace
 d - a +0 spear of freezing
 g - a +0 mace
 i - a +7 spear (weapon)
 l - a +0 short sword
 o - a +0 short sword
 v - a +0 war axe
 y - a +0 spear
 A - a +0 spear
 B - a +0 arbalest of evasion
 K - a +0 morningstar
 S - a +0 hunting sling
Missiles
 j - 143 stones
 m - 25 sling bullets
 p - 16 arrows of dispersal
 q - 19 tomahawks (quivered)
 z - 69 arrows
 T - 2 exploding tomahawks
Armour
 a - a +0 robe (worn)
 e - a +0 pair of gloves
 h - a +0 leather armour
 n - a +0 chain mail
 w - a +1 cloak (worn)
 C - a cursed +0 leather armour
 E - a +0 chain mail
 F - a +0 leather armour
 H - the +5 ring mail of Insecurity {rElec Str+2, unknown}
   (You found it on level 4 of the Dungeon)

   It affects your strength (+2).
   It insulates you from electricity.
 I - a +0 leather armour
 N - a +0 robe
 P - a +0 robe
 R - a +0 leather armour
Jewellery
 M - a cursed ring of protection from cold {unknown}
Wands
 O - a wand of random effects (19/48)
Scrolls
 k - a scroll of fog {unknown}
 J - 2 scrolls of recharging {unknown}
 L - a scroll of blinking {unknown}
 U - 3 scrolls of magic mapping
 X - a scroll of teleportation {unknown}
Potions
 r - a potion of magic {unknown}
 s - a potion of agility
 t - a potion of heal wounds {unknown}
 u - 2 potions of cure mutation {unknown}
 D - 2 potions of ambrosia {unknown}
 V - a potion of might
 W - a potion of brilliance {unknown}
Comestibles
 b - 4 meat rations
 f - 4 beef jerkies
 x - 2 slices of pizza
 Q - 4 chunks of flesh


   Skills:
 + Level 5.4 Fighting
 + Level 0.1 Short Blades
 + Level 2.4 Polearms
 + Level 0.3 Throwing
 + Level 5.3 Dodging
 + Level 3.8 Stealth
 + Level 4.8 Unarmed Combat
 + Level 0.4 Invocations
 + Level 0.1 Evocations


You had 6 spell levels left.
You didn't know any spells.

Dungeon Overview and Level Annotations

Branches:
Dungeon (5/15)             Temple (1/1) D:4

Altars:
Cheibriados
Fedhas
Nemelex Xobeh
Ru
Sif Muna
Vehumet
Yredelemnul
The Shining One


Innate Abilities, Weirdness & Mutations

Your body is rotting away.
You thrive on raw meat.
You are immune to poison.
You have sharp fingernails.
You are carnivorous and can eat meat at any time.
Your flesh is cold resistant.
You are immune to negative energy.
You regenerate slowly when monsters are visible.
You are immune to unholy pain and torment.
You can survive without breathing.


Message History

The giant frog hits you.
* * * LOW HITPOINT WARNING * * *
The giant frog completely misses you. The giant frog barely misses you.
The giant frog hits you.
* * * LOW HITPOINT WARNING * * *
It was a potion of might.
You feel very mighty all of a sudden. The giant frog closely misses you. x2
Your unstable footing causes you to fumble your attack.
The giant frog barely misses you.
The giant frog hits you but does no damage.
The giant frog barely misses you.
You puncture the giant frog!
The giant frog explodes!
The fiery explosion engulfs the ooze.
The ooze explodes!
Yredelemnul accepts your kill. The fiery explosion engulfs you!
You die...
Yredelemnul claims you as an undead slave.

########################
#....§§§≈≈≈≈≈≈≈≈≈≈≈≈≈≈.##
.....§§§@≈≈≈≈≈≈≈≈≈≈≈≈≈...
.....≈§F≈≈≈≈≈≈≈≈≈≈≈≈≈....
.....≈≈≈≈≈≈≈≈≈≈≈≈≈≈≈≈....
.....≈≈≈≈≈≈≈≈≈≈≈≈≈≈≈≈≈...
#...≈≈≈≈≈≈≈≈≈≈≈≈≈≈≈≈≈....
#+#####################..
####. #..'. #..##


You could see a giant frog (inner flame).

Vanquished Creatures
  A scorpion (D:5)
  2 orc priests (D:3)
  2 hounds (D:5)
  2 orc wizards
  Natasha (twice) (D:3)
  A worker ant (D:4)
  2 hound skeletons
  15 adders
  7 river rats (Sewer)
  A shadow imp (D:5)
  4 oozes
  2 worms
  An adder skeleton (D:5)
  4 giant geckos
  4 orcs
  8 ball pythons
  8 bats
  2 giant cockroaches
  5 goblins
  9 hobgoblins
  8 jackals
  A quokka (D:2)
  5 giant newts
  2 gnoll zombies (D:4)
  7 kobolds
  A quokka skeleton (D:5)
  24 rats
130 creatures vanquished.

Vanquished Creatures (collateral kills)
  An adder (Sewer)
  2 ball pythons (Sewer)
  2 rats (Sewer)
5 creatures vanquished.

Vanquished Creatures (others)
  An adder skeleton (Sewer)
  2 rat skeletons (Sewer)
  A river rat skeleton (Sewer)
4 creatures vanquished.

Grand Total: 139 creatures vanquished

Notes
Turn   | Place    | Note
--------------------------------------------------------------
     0 | D:1      | WhatsThis the Ghoul Monk began the quest for the Orb.
     0 | D:1      | Reached XP level 1. HP: 19/19 MP: 0/0
   188 | D:1      | Reached XP level 2. HP: 9/25 MP: 1/1
   910 | D:1      | Reached XP level 3. HP: 28/33 MP: 2/2
  1540 | D:2      | Reached XP level 4. HP: 33/40 MP: 3/3
  2228 | D:3      | Noticed Natasha
  2277 | D:3      | Killed Natasha
  3040 | D:3      | Noticed Natasha
  3050 | D:3      | Killed Natasha
  3050 | D:3      | Reached XP level 5. HP: 22/47 MP: 4/4
  3478 | D:3      | Reached skill level 1 in Polearms
  3640 | D:3      | Reached skill level 5 in Fighting
  3640 | D:3      | Reached XP level 6. HP: 52/56 MP: 5/5
  3950 | D:4      | Found a staircase to the Ecumenical Temple.
  4001 | D:4      | Got a spiked ring mail
  4089 | D:4      | Found a sparkling altar of Nemelex Xobeh.
  4089 | D:4      | Found a radiant altar of Vehumet.
  4245 | D:4      | Found a basalt altar of Yredelemnul.
  4642 | Temple   | Entered the Ecumenical Temple
  4751 | D:4      | Became a worshipper of Yredelemnul the Dark
  4751 | D:4      | Reached * piety under Yredelemnul
  4751 | D:4      | Reached ** piety under Yredelemnul
  4787 | D:5      | Entered Level 5 of the Dungeon
  4835 | D:5      | Found a blossoming altar of Fedhas.
  4987 | D:5      | Reached XP level 7. HP: 54/61 MP: 6/6
  5026 | D:5      | Upgraded the game from 0.18-a0-1372-gd644665 to 0.18-a0-1390-gc02854d
  5031 | D:5      | Found a glowing drain.
  5035 | Sewer    | Entered a sewer
  5194 | Sewer    | Reached skill level 5 in Dodging
  5689 | Sewer    | Reached *** piety under Yredelemnul
  6026 | Sewer    | Killed from afar by a giant frog

Vault maps used:
D:1:      dpeg_arrival_long_road
D:2:      minmay_close_crescents
D:3:      serial_bayou, serial_bayou_lagoon_a, serial_bayou_crossing,
          serial_bayou_pond_a, serial_bayou_ford_a, saegor_snake_ambush,
          uniq_natasha
D:4:      lemuel_zombie_altar_yredelemnul, gammafunk_temple_overflow_wave,
          minmay_temple_entry_mist
D:5:      gup_sewer_entry_bowl, first_bread, fedhas_altar_2
Temple:   nicolae_temple_hex_pool_5
Sewer:    sewer_minmay_w

Skill      XL: |  1  2  3  4  5  6  7 |
---------------+----------------------+-----
Polearms       | 1 |  2.4
Fighting       | 5 |  5.4
Dodging        | 5 |  5.3
Short Blades   | |  0.1
Throwing       | |  0.3
Stealth        | |  3.8
Unarmed Combat | |  4.8
Invocations    | |  0.4
Evocations     | |  0.1

Action                   |  1- 3 |  4- 6 |  7- 9 || total
-------------------------+-------+-------+-------++-------
Melee: Dagger            |     9 |       |       ||     9
       Spear             |    67 |   166 |   185 ||   418
       Unarmed           |     6 |       |       ||     6
Throw: Stone             |       |     6 |       ||     6
       Tomahawk          |       |     2 |       ||     2
Invok: Animate Remains   |       |       |     3 ||     3
       Animate Dead      |       |       |     1 ||     1
Evoke: Wand              |       |       |     1 ||     1
  Use: Scroll            |     2 |    10 |     1 ||    13
       Potion            |       |     6 |     3 ||     9
 Stab: Sleeping          |     1 |     3 |     1 ||     5
  Eat: Chunk             |     5 |    17 |    12 ||    34
       Beef jerky        |     1 |       |       ||     1
       Meat ration       |       |     1 |       ||     1
